 Dungeon Crawl Stone Soup version 0.23.2-40-g277498a001 (webtiles) character file.

Game seed: 6705091461485703414

9 BigDickFurry666 the Charmwright (level 2, 6/13 HPs)
             Began as a Felid Skald on Aug 18, 2019.
             Quit the game on level 1 of the Dungeon.
             The game lasted 00:06:04 (179 turns).

BigDickFurry666 the Charmwright (Felid Skald)        Turns: 179, Time: 00:06:05

Health: 6/13       AC:  1    Str:  7    XL:     2   Next: 6%
Magic:  2/6        EV: 18    Int: 14    God:
Gold:   10         SH:  0    Dex: 15    Spells: 4/5 levels left
                                        Lives:  0   Deaths: 0

rFire    . . .     SeeInvis +     - Unarmed
rCold    . . .     Gourm    .   (shield unavailable)
rNeg     . . .     Faith    .   (armour unavailable)
rPois    .         Spirit   .   (helmet unavailable)
rElec    .         Reflect  .   (cloak unavailable)
rCorr    .         Harm     .   (gloves unavailable)
MR       .....                  (boots unavailable)
Stlth    ++........             (no amulet)
HPRegen  0.04/turn              (no ring)
MPRegen  0.10/turn              (no ring)

@: quick
A: very small, no armour, no weapons or thrown items, stealth, claws 1, fangs 3,
see invisible, carnivore, speed 1, shaggy fur 1, slow metabolism 1, sharp paws
a: no special abilities


You were on level 1 of the Dungeon.
You were not hungry.

You visited 1 branch of the dungeon, and saw 1 of its levels.

You collected 10 gold pieces.

Inventory:

Hand Weapons
 a - a cursed -1 dagger
Missiles
 c - 15 stones
 d - 15 arrows
Potions
 e - 2 potions of might {unknown}
Comestibles
 b - a ration
 f - 2 chunks of flesh


   Skills:
 + Level 2.0 Fighting
 + Level 3.4 Dodging
 + Level 2.0 Unarmed Combat
 + Level 2.0 Spellcasting
 + Level 4.0 Charms


You had 4 spell levels left.
You knew the following spells:

 Your Spells              Type           Power        Failure   Level  Hunger
a - Infusion              Chrm           ##..         4%          1    ##.....

Your spell library contained the following spells:

 Spells                   Type           Power        Failure   Level  Hunger
 Song of Slaying          Chrm           ##......     7%          2    ###....
 Shroud of Golubria       Chrm/Tloc      #.........   16%         2    ###....
 Regeneration             Chrm/Necr      #.........   30%         3    ####...
 Spectral Weapon          Hex/Chrm       Unusable     N/A         3    N/A

Dungeon Overview and Level Annotations

Branches:
Dungeon (1/15)

Altars:


Innate Abilities, Weirdness & Mutations

You cannot wear armour.
You are incapable of wielding weapons or throwing items.
Your paws allow you to move quietly. (Stealth)
You have sharp claws.
You have razor-sharp teeth.
You have supernaturally acute eyesight. (SInv)
You are carnivorous and can eat meat at any time.
You cover ground quickly.
You are covered in fur. (AC +1)
You have a slow metabolism.
Your sharp claws are effective at attacking unaware monsters.


Message History

Your Charms skill increases to level 4!
You have reached level 2!
The goblin throws a stone.
The stone hits you but does no damage. The goblin closely misses you.
You scratch the goblin.
You kill the goblin!
c - 14 stones (gained 9)
c - 15 stones (gained 1)
Your magical infusion is running out.
You see here a goblin skeleton.
You are no longer magically infusing your attacks.
Unknown command.
Unknown command.
Saving game... please wait.
Welcome back, BigDickFurry666 the Felid Skald.
Press ? for a list of commands and other information.
Unknown command.
Unknown command.
Unknown command.
Are you sure you want to abandon this character and quit the game? (Confirm with "yes".)

♣..♣♣♣
♣♣♣..≈≈≈♣♣♣♣♣♣...#..
♣♣♣..♣♣
♣♣♣...♣♣♣♣♣♣.....#....
♣♣♣.♣♣ ♣♣...♣♣♣
♣♣.....#####.#
♣♣.♣♣♣.♣♣♣♣
♣♣.........(...
♣♣♣♣♣...♣♣
♣♣.....#.##.....
♣♣♣♣....♣♣♣♣
♣.....##.# ...#
....♣♣♣♣♣ ♣♣♣.÷..##..
... ♣P♣♣♣
♣♣♣♣...##....... %.
♣♣♣ ♣♣♣..@.#.#####....
. ♣........# ......
♣.......##....# .##...
........##....#
....#.###.......#
..$... ........ #...#.
.......# #.....
##....### .. ....#


There were no monsters in sight!

Vanquished Creatures
  3 goblins (D:1)
  A hobgoblin (D:1)
  2 jackals (D:1)
  A kobold (D:1)
  A frilled lizard (D:1)
8 creatures vanquished.

Notes
Turn   | Place    | Note
-------+----------+-------------------------------------------
     0 | D:1      | BigDickFurry666 the Felid Skald began the quest for the
                  | Orb.
     0 | D:1      | Reached XP level 1. HP: 9/9 MP: 4/4
   157 | D:1      | Reached skill level 4 in Charms
   157 | D:1      | Reached XP level 2. HP: 5/13 MP: 0/6
   179 | D:1      | Quit the game

Skill      XL: |  1 |
---------------+----+-----
Charms         | 4 |  4.0
Fighting       | |  2.0
Dodging        | |  3.4
Unarmed Combat | |  2.0
Spellcasting   | |  2.0

Action                   || total
-------------------------++-------
Melee: Unarmed           ||    21
       Punch             ||     1
 Cast: Infusion          ||     4
Armor: Skin              ||     1
Dodge: Dodged            ||    15
